TOP OF THE 1ST |
Richmond Flairs batting - Pitching for Havana Rollers : RHP José Ramírez
|
Pitching: RHP José Ramírez
|
|
Batting: RHB Javier Rentería
|
0-0: Ball 1-0: Swinging Strike 1-1: Ball 2-1: Ball 3-1: Base on Balls
|
Batting: RHB Mario López
|
0-0: Ball 1-0: Swinging Strike 1-1: Ball 2-1: Foul Ball, location: 2F 2-2: DOUBLE (Groundball, 5L) Javier Rentería to third
|
Batting: LHB Sean Nicks
|
0-0: Called Strike 0-1: Ball 1-1: Called Strike 1-2: Ball 2-2: Ball 3-2: Foul Ball, location: 2F 3-2: Strikes out swinging
|
Batting: RHB Elliott Johnston
|
0-0: Ball 1-0: Called Strike 1-1: Ball 2-1: Foul Ball, location: 2F 2-2: Foul Ball, location: 2F 2-2: Ground out 3-1 (Groundball, 34S) Javier Rentería scores Mario López to third
|
Batting: LHB Dave Gray
|
0-0: Ball 1-0: Swinging Strike 1-1: Ball 2-1: Ball 3-1: Base on Balls
|
Batting: RHB Rafael Carreón
|
0-0: Ball 1-0: Foul Ball, location: 2F 1-1: Ball 2-1: Foul Ball, location: 2F 2-2: Ball 3-2: Foul Ball, location: 2F 3-2: Foul Ball, location: 2F 3-2: Foul Ball, location: 2F 3-2: Foul Ball, location: 2F 3-2: Ground out 5-3 (Groundball, 56D)
|
Top of the 1st over - 1 run(s), 1 hit(s), 0 error(s), 2 left on base; Richmond 1 - Havana 0 |
BOTTOM OF THE 1ST |
Havana Rollers batting - Pitching for Richmond Flairs : RHP Alfonso Luna
|
Pitching: RHP Alfonso Luna
|
|
Batting: RHB Jesús Villalobos
|
0-0: Called Strike 0-1: Ball 1-1: Ball 2-1: Foul Ball, location: 2F 2-2: Strikes out swinging
|
Batting: RHB Francisco Rincón
|
0-0: Ball 1-0: Ground out 1-3 (Groundball, 13)
|
Batting: RHB Brant Sherman
|
0-0: Fly out, F9 (Flyball, 9D)
|
Bottom of the 1st over - 0 run(s), 0 hit(s), 0 error(s), 0 left on base; Richmond 1 - Havana 0 |
TOP OF THE 2ND |
Richmond Flairs batting - Pitching for Havana Rollers : RHP José Ramírez
|
Batting: RHB R.J. Crosby
|
0-0: Fly out, F5 (Line Drive, 5)
|
Batting: LHB R.J. Courtney
|
0-0: Foul Ball, location: 2F 0-1: Foul Ball, location: 2F 0-2: Foul Ball, location: 2F 0-2: Ball 1-2: SINGLE (Groundball, 34D)
|
Batting: RHB Freddy Padilla
|
0-0: Ball 1-0: Called Strike 1-1: Called Strike R.J. Courtney steals 2nd base 1-2: Foul Ball, location: 2F 1-2: Ball 2-2: Ground out U3 (Groundball, 34S) R.J. Courtney to third
|
Batting: RHB Javier Rentería
|
0-0: Called Strike 0-1: Hit by Pitch
|
Batting: RHB Mario López
|
0-0: Called Strike 0-1: Ball 1-1: Fly out, F8 (Flyball, 8LD)
|
Top of the 2nd over - 0 run(s), 1 hit(s), 0 error(s), 2 left on base; Richmond 1 - Havana 0 |
BOTTOM OF THE 2ND |
Havana Rollers batting - Pitching for Richmond Flairs : RHP Alfonso Luna
|
Batting: SHB Pepe Piña
|
0-0: Ball 1-0: Swinging Strike 1-1: Foul Ball, location: 2F 1-2: Ball 2-2: Strikes out looking
|
Batting: LHB Juan Romero
|
0-0: Ball 1-0: Fly out, F8 (Flyball, 8LM)
|
Batting: RHB León Rivera
|
0-0: Ball 1-0: Ball 2-0: Ball 3-0: Base on Balls
|
Batting: RHB Soshu Nakamura
|
0-0: Ball 1-0: Ball 2-0: Called Strike 2-1: Called Strike 2-2: Fly out, F4 (Line Drive, 4)
|
Bottom of the 2nd over - 0 run(s), 0 hit(s), 0 error(s), 1 left on base; Richmond 1 - Havana 0 |
TOP OF THE 3RD |
Richmond Flairs batting - Pitching for Havana Rollers : RHP José Ramírez
|
Batting: LHB Sean Nicks
|
0-0: Swinging Strike 0-1: Ground out U3 (Groundball, 3)
|
Batting: RHB Elliott Johnston
|
0-0: Ball 1-0: Ball 2-0: SOLO HOME RUN (Flyball, 7LD), Distance : 362 ft
|
Batting: LHB Dave Gray
|
0-0: Called Strike 0-1: Foul Ball, location: 2F 0-2: Ground out U3 (Groundball, 3)
|
Batting: RHB Rafael Carreón
|
0-0: Ball 1-0: Foul Ball, location: 2F 1-1: Called Strike 1-2: Foul Ball, location: 2F 1-2: Ball 2-2: Ball 3-2: SINGLE (Flyball, 9LS)
|
Batting: RHB R.J. Crosby
|
0-0: Ball 1-0: Ball 2-0: Foul Ball, location: 2F 2-1: Ball 3-1: Base on Balls Rafael Carreón to second
|
Batting: LHB R.J. Courtney
|
0-0: Called Strike 0-1: Foul Ball, location: 2F 0-2: Ball 1-2: Ball 2-2: Foul Ball, location: 2F 2-2: Ball 3-2: Ground out 3-1 (Groundball, 34S)
|
Top of the 3rd over - 1 run(s), 2 hit(s), 0 error(s), 2 left on base; Richmond 2 - Havana 0 |
BOTTOM OF THE 3RD |
Havana Rollers batting - Pitching for Richmond Flairs : RHP Alfonso Luna
|
Batting: LHB Zhi-huan Loong
|
0-0: Bunt missed! 0-1: Foul Ball, location: 2F 0-2: Foul Ball, location: 2F 0-2: Ball 1-2: Ground out 5-3 (Groundball, 56)
|
Batting: LHB José Torres
|
0-0: Ground out 4-3 (Groundball, 4)
|
Batting: RHB Jesús Villalobos
|
0-0: Ball 1-0: Foul Ball, location: 2F 1-1: DOUBLE (Flyball, 78M)
|
Batting: RHB Francisco Rincón
|
0-0: Called Strike 0-1: Fly out, F9 (Line Drive, 89S)
|
Bottom of the 3rd over - 0 run(s), 1 hit(s), 0 error(s), 1 left on base; Richmond 2 - Havana 0 |
TOP OF THE 4TH |
Richmond Flairs batting - Pitching for Havana Rollers : RHP José Ramírez
|
Batting: RHB Freddy Padilla
|
0-0: Foul Ball, location: 2F 0-1: Called Strike 0-2: Foul Ball, location: 2F 0-2: Ball 1-2: DOUBLE (Line Drive, 9LM)
|
Batting: RHB Javier Rentería
|
0-0: SINGLE (Line Drive, 56) Freddy Padilla to third
|
Batting: RHB Mario López
|
0-0: Ball 1-0: Ball 2-0: Called Strike 2-1: Grounds into double play, 6-4-3 (Groundball, 6) Freddy Padilla scores
|
Batting: LHB Sean Nicks
|
0-0: Called Strike 0-1: Foul Ball, location: 2F 0-2: Ball 1-2: Strikes out looking
|
Top of the 4th over - 1 run(s), 2 hit(s), 0 error(s), 0 left on base; Richmond 3 - Havana 0 |
BOTTOM OF THE 4TH |
Havana Rollers batting - Pitching for Richmond Flairs : RHP Alfonso Luna
|
Batting: RHB Brant Sherman
|
0-0: Foul Ball, location: 2F 0-1: Ball 1-1: Ground out 1-3 (Groundball, 13S)
|
Batting: SHB Pepe Piña
|
0-0: Called Strike 0-1: Ball 1-1: Foul Ball, location: 2F 1-2: Foul Ball, location: 2F 1-2: Ball 2-2: Ball 3-2: Fly out, F8 (Flyball, 8RS)
|
Batting: LHB Juan Romero
|
0-0: Fly out, F7 (Flyball, 78S)
|
Bottom of the 4th over - 0 run(s), 0 hit(s), 0 error(s), 0 left on base; Richmond 3 - Havana 0 |
TOP OF THE 5TH |
Richmond Flairs batting - Pitching for Havana Rollers : RHP José Ramírez
|
Batting: RHB Elliott Johnston
|
0-0: Ball 1-0: Foul Ball, location: 2F 1-1: Single, Error in OF, E9, batter to second base
|
Batting: LHB Dave Gray
|
0-0: Called Strike 0-1: Foul Ball, location: 2F 0-2: Foul Ball, location: 2F 0-2: Ball 1-2: Ball 2-2: Ball 3-2: SINGLE (Groundball, 34D) Elliott Johnston to third Runner from 3rd tries for Home, SAFE, throw made home
|
Pitching: LHP Dave Miller
|
|
Batting: RHB Rafael Carreón
|
0-0: Ball 1-0: Swinging Strike 1-1: Foul Ball, location: 2F 1-2: Ball 2-2: Hit by Pitch Dave Gray to second
|
Batting: RHB R.J. Crosby
|
0-0: Ball 1-0: Ball 2-0: Ball 3-0: Called Strike 3-1: 3-RUN HOME RUN (Flyball, 78XD), Distance : 419 ft
|
Batting: LHB R.J. Courtney
|
0-0: Ball 1-0: Swinging Strike 1-1: Called Strike 1-2: Ball 2-2: Foul Ball, location: 2F 2-2: Ball 3-2: Strikes out swinging
|
Batting: RHB Freddy Padilla
|
0-0: Foul Ball, location: 2F 0-1: Ball 1-1: Swinging Strike 1-2: Strikes out swinging
|
Batting: RHB Javier Rentería
|
0-0: Called Strike 0-1: Ball 1-1: Ball 2-1: Foul Ball, location: 2F 2-2: Strikes out swinging
|
Top of the 5th over - 4 run(s), 3 hit(s), 1 error(s), 0 left on base; Richmond 7 - Havana 0 |
BOTTOM OF THE 5TH |
Havana Rollers batting - Pitching for Richmond Flairs : RHP Alfonso Luna
|
Batting: RHB León Rivera
|
0-0: Ball 1-0: Ball 2-0: DOUBLE (Groundball, 5L)
|
Batting: RHB Soshu Nakamura
|
0-0: Called Strike 0-1: Foul Ball, location: 2F 0-2: Fly out, F7 (Flyball, 7LMF)
|
Batting: LHB Zhi-huan Loong
|
0-0: Ball 1-0: Foul Ball, location: 2F 1-1: Foul Ball, location: 2F 1-2: Strikes out swinging
|
Batting: LHB José Torres
|
0-0: Called Strike 0-1: Foul Ball, location: 2F 0-2: Ball 1-2: Ball 2-2: Ground out 4-3 (Groundball, 4)
|
Bottom of the 5th over - 0 run(s), 1 hit(s), 0 error(s), 1 left on base; Richmond 7 - Havana 0 |
TOP OF THE 6TH |
Richmond Flairs batting - Pitching for Havana Rollers : LHP Dave Miller
|
Batting: RHB Mario López
|
0-0: Swinging Strike 0-1: Called Strike 0-2: Fly out, F8 (Flyball, 8LM)
|
Batting: LHB Sean Nicks
|
0-0: Ball 1-0: Ball 2-0: Ball 3-0: Called Strike 3-1: Foul Ball, location: 2F 3-2: Base on Balls
|
Batting: RHB Elliott Johnston
|
0-0: Ball 1-0: Fly out, F8 (Flyball, 8RD)
|
Batting: LHB Dave Gray
|
0-0: Swinging Strike 0-1: Foul Ball, location: 2F 0-2: Ball 1-2: Foul Ball, location: 2F 1-2: Ball 2-2: Ball 3-2: SINGLE (Line Drive, 9LS) Sean Nicks to second Sean Nicks to third
|
Batting: RHB Rafael Carreón
|
0-0: Called Strike 0-1: SINGLE (Groundball, 56D) Sean Nicks scores Dave Gray to second
|
Pitching: RHP Tu-fu Zhou
|
|
Batting: RHB R.J. Crosby
|
0-0: DOUBLE (Groundball, 3L) Dave Gray scores Rafael Carreón to third Runner from 3rd tries for Home, SAFE, throw made home
|
Batting: LHB R.J. Courtney
|
0-0: Called Strike 0-1: Ball 1-1: Ball 2-1: Foul Ball, location: 2F 2-2: Foul Ball, location: 2F 2-2: Foul Ball, location: 2F 2-2: Fly out, F7 (Flyball, 7S)
|
Top of the 6th over - 3 run(s), 3 hit(s), 0 error(s), 1 left on base; Richmond 10 - Havana 0 |
BOTTOM OF THE 6TH |
Havana Rollers batting - Pitching for Richmond Flairs : RHP Alfonso Luna
|
Batting: RHB Jesús Villalobos
|
0-0: Ground out 6-3 (Groundball, 6)
|
Batting: RHB Francisco Rincón
|
0-0: Fly out, F9 (Flyball, 9LSF)
|
Batting: RHB Brant Sherman
|
0-0: Ball 1-0: Fly out, F9 (Flyball, 9S)
|
Bottom of the 6th over - 0 run(s), 0 hit(s), 0 error(s), 0 left on base; Richmond 10 - Havana 0 |
TOP OF THE 7TH |
Richmond Flairs batting - Pitching for Havana Rollers : RHP Tu-fu Zhou
|
Batting: RHB Freddy Padilla
|
0-0: Swinging Strike 0-1: Ball 1-1: Swinging Strike 1-2: Foul Ball, location: 2F 1-2: Ball 2-2: Foul Ball, location: 2F 2-2: Foul Ball, location: 2F 2-2: Foul Ball, location: 2F 2-2: Ball 3-2: Foul Ball, location: 2F 3-2: Base on Balls
|
Batting: RHB Javier Rentería
|
0-0: Ball 1-0: Fly out, F9 (Flyball, 89S)
|
Batting: RHB Mario López
|
0-0: Swinging Strike 0-1: Called Strike 0-2: Grounds into double play, 1-6-3 (Groundball, 13)
|
Top of the 7th over - 0 run(s), 0 hit(s), 0 error(s), 0 left on base; Richmond 10 - Havana 0 |
BOTTOM OF THE 7TH |
Havana Rollers batting - Pitching for Richmond Flairs : RHP Alfonso Luna
|
Batting: SHB Pepe Piña
|
0-0: Foul Ball, location: 2F 0-1: Ball 1-1: Foul Ball, location: 2F 1-2: Ground out U3 (Groundball, 3)
|
Batting: LHB Juan Romero
|
0-0: Foul Ball, location: 2F 0-1: Ball 1-1: Called Strike 1-2: Strikes out swinging
|
Batting: RHB León Rivera
|
0-0: Ball 1-0: Called Strike 1-1: Called Strike 1-2: Strikes out looking
|
Bottom of the 7th over - 0 run(s), 0 hit(s), 0 error(s), 0 left on base; Richmond 10 - Havana 0 |
TOP OF THE 8TH |
Richmond Flairs batting - Pitching for Havana Rollers : RHP Tu-fu Zhou
|
Batting: LHB Sean Nicks
|
0-0: Ground out 1-3 (Groundball, 13S)
|
Batting: RHB Elliott Johnston
|
0-0: Ball 1-0: Ground out 3-1 (Groundball, 34S)
|
Batting: LHB Dave Gray
|
0-0: Ball 1-0: Ball 2-0: Ground out 4-3 (Groundball, 34)
|
Top of the 8th over - 0 run(s), 0 hit(s), 0 error(s), 0 left on base; Richmond 10 - Havana 0 |
BOTTOM OF THE 8TH |
Havana Rollers batting - Pitching for Richmond Flairs : RHP Alfonso Luna
|
Now at 1B: Liangde Que
|
|
Now at 3B: Christian Hudson
|
|
Batting: RHB Soshu Nakamura
|
0-0: Ball 1-0: Ball 2-0: TRIPLE (Flyball, 9LM)
|
Batting: LHB Zhi-huan Loong
|
0-0: Ball 1-0: Foul Ball, location: 2F 1-1: Called Strike 1-2: Foul Ball, location: 2F 1-2: Ground out 5-3 (Groundball, 56) Soshu Nakamura scores
|
Batting: LHB José Torres
|
0-0: TRIPLE (Flyball, 89XD)
|
Batting: RHB Jesús Villalobos
|
0-0: Ball 1-0: Ball 2-0: Ball 3-0: Called Strike 3-1: Base on Balls
|
Batting: RHB Francisco Rincón
|
0-0: Ball Wild Pitch! José Torres scores Jesús Villalobos to second 1-0: Ball 2-0: Ball 3-0: Called Strike 3-1: Ground out 4-3 (Groundball, 4) Jesús Villalobos to third
|
Batting: RHB Brant Sherman
|
0-0: Called Strike 0-1: Ball 1-1: Foul Ball, location: 2F 1-2: Foul Ball, location: 2F 1-2: 2-RUN HOME RUN (Flyball, 89XD), Distance : 429 ft
|
Batting: SHB Pepe Piña
|
0-0: Called Strike 0-1: Fly out, F8 (Flyball, 8RM)
|
Bottom of the 8th over - 4 run(s), 3 hit(s), 0 error(s), 0 left on base; Richmond 10 - Havana 4 |
TOP OF THE 9TH |
Richmond Flairs batting - Pitching for Havana Rollers : RHP Tu-fu Zhou
|
Batting: RHB Rafael Carreón
|
0-0: Ball 1-0: Swinging Strike 1-1: Swinging Strike 1-2: DOUBLE (Line Drive, 89M)
|
Batting: RHB R.J. Crosby
|
0-0: Ball 1-0: Swinging Strike 1-1: Ball 2-1: Swinging Strike 2-2: Foul Ball, location: 2F 2-2: Foul Ball, location: 2F 2-2: Ball 3-2: Base on Balls
|
Batting: LHB R.J. Courtney
|
0-0: DOUBLE (Line Drive, 8RXD) Rafael Carreón scores R.J. Crosby to third
|
Batting: RHB Freddy Padilla
|
0-0: Ball 1-0: Ball 2-0: Ball 3-0: Base on Balls
|
Batting: RHB Javier Rentería
|
0-0: Foul Ball, location: 2F 0-1: Ball 1-1: Ball 2-1: Foul Ball, location: 2F 2-2: Foul Ball, location: 2F 2-2: Foul Ball, location: 2F 2-2: Ball 3-2: Strikes out swinging
|
Batting: RHB Christian Hudson
|
0-0: Ball 1-0: Ball 2-0: Ground out U3 (Groundball, 34S) R.J. Crosby scores R.J. Courtney to third Freddy Padilla to second
|
Batting: RHB Liangde Que
|
0-0: Called Strike 0-1: Swinging Strike 0-2: Strikes out swinging
|
Top of the 9th over - 2 run(s), 2 hit(s), 0 error(s), 2 left on base; Richmond 12 - Havana 4 |
BOTTOM OF THE 9TH |
Havana Rollers batting - Pitching for Richmond Flairs : RHP Alfonso Luna
|
Pitching: RHP Lorenzo Ramos
|
|
Batting: LHB Juan Romero
|
0-0: Ball 1-0: Ground out 4-3 (Groundball, 4)
|
Batting: RHB León Rivera
|
0-0: Swinging Strike 0-1: Ball 1-1: Swinging Strike 1-2: Foul Ball, location: 2F 1-2: Ball 2-2: Strikes out swinging
|
Batting: RHB Soshu Nakamura
|
0-0: Ball 1-0: SINGLE (Line Drive, 78M)
|
Batting: LHB Zhi-huan Loong
|
0-0: Ball 1-0: Ball 2-0: Called Strike 2-1: Fly out, F7 (Flyball, 7)
|
Bottom of the 9th over - 0 run(s), 1 hit(s), 0 error(s), 1 left on base; Richmond 12 - Havana 4 |
|